 Dungeon Crawl Stone Soup version 0.31-a0-1540-g5a0b83f448 (webtiles) character file.

Game seed: 1753662951400460854

1526 MisterAzrael the Cleaver (level 8, -11/73 HPs)
             Began as a Hill Orc Berserker on Jan 2, 2024.
             Was a Believer of Trog.
             Mangled by an ogre
             ... wielding a +0 giant club
              (24 damage)
             ... on level 5 of the Dungeon.
             The game lasted 00:08:08 (4632 turns).

MisterAzrael the Cleaver (Hill Orc Berserker)       Turns: 4632, Time: 00:08:08

Health: -11/73     AC: 13    Str: 22    XL:     8   Next: 85%
Magic:  9/9        EV:  9    Int:  7    God:    Trog [**....]
Gold:   308        SH:  0    Dex: 10    Spells: 7/7 levels left

rFire   + . .        a - +0 hand axe
rCold   . . .        (no shield)
rNeg    . . .        g - +0 chain mail
rPois   .            (no helmet)
rElec   .            (no cloak)
rCorr   .            q - +0 pair of gloves
SInv    .            o - +1 pair of boots
Will    .....        (no amulet) Stlth
                     i - ring of flight
HPRegen 0.32/turn    u - ring of protection from fire
MPRegen 0.11/turn

%: no passive effects
@: flying
A: no striking features
a: Renounce Religion, Berserk, Trog's Hand


You were on level 5 of the Dungeon.
You worshipped Trog.
Trog was pleased with you.
You visited 1 branch of the dungeon, and saw 5 of its levels.

You collected 308 gold pieces.

Inventory:

Hand Weapons
 a - a +0 hand axe (weapon)
Missiles
 h - 11 poisoned darts (quivered)
 t - 3 curare-tipped darts
Armour
 b - a +0 animal skin
 g - a +0 chain mail (worn)
 o - a +1 pair of boots (worn)
 q - a +0 pair of gloves (worn)
Jewellery
 i - a ring of flight (left hand)
 u - a ring of protection from fire (right hand)
Wands
 l - a wand of charming (5)
 x - a wand of iceblast (3)
Scrolls
 c - a scroll of vulnerability
 d - a scroll of brand weapon {unknown}
 j - 3 scrolls of identify
 k - 2 scrolls of enchant armour {unknown}
 r - 3 scrolls of blinking
 w - 3 scrolls of amnesia {unknown}
Potions
 e - a potion of resistance {unknown}
 f - 2 potions of curing {unknown}
 m - 2 potions of enlightenment {unknown}
 n - a potion of magic {unknown}
 p - a potion of cancellation {unknown}
 s - 2 potions of attraction {unknown}
 v - a potion of degeneration {unknown}


   Skills:
 + Level 7.3 Fighting
 + Level 8.0 Axes
 + Level 4.4 Throwing
 + Level 6.1 Armour
 - Level 1.5 Dodging
 - Level 2.4 Invocations


You had 7 spell levels left.
You didn't know any spells.
Your spell library was empty.

Dungeon Overview and Level Annotations

Branches:
Dungeon (5/15)             Temple (0/1) D:5

Altars:
Ashenzari
Elyvilon
Gozag
Okawaru
Qazlal
Vehumet
Wu Jian
Zin

Shops:
D:1 [


Message History

You slash Blork the orc!
Blork the orc is severely wounded.
Blork the orc barely misses you.
You hit Blork the orc. Your punch misses Blork the orc.
Blork the orc is severely wounded.
Blork the orc hits you but does no damage.
You hit Blork the orc.
Blork the orc is almost dead.
Blork the orc barely misses you.
You hit Blork the orc.
Blork the orc is almost dead.
You hit Blork the orc.
You kill Blork the orc!
Trog accepts your kill.
Trog appreciates your killing of a magic user.
Your Axes skill increases to level 8!
Things that are here:
a +0 hand axe; a +0 robe
There is a stone staircase leading down here.
You see here a +0 chain mail.
An ogre comes into view. It is wielding a +0 giant club.
The ogre shouts!
You hear a shout!
An ogre is nearby!
An ogre is nearby!
An ogre is nearby!
An orc comes into view. It is wielding a +0 dagger.
The orc shouts!
You slash the ogre!
The ogre is moderately wounded.
The ogre hits you with a +0 giant club!!
You barely miss the ogre.
The ogre is moderately wounded.
The ogre hits you with a +0 giant club!
You are too injured to fight recklessly!
The ogre attacks as it pursues you!
The ogre hits you with a +0 giant club!!
* * * LOW HITPOINT WARNING * * *
The ogre attacks as it pursues you!
The ogre hits you with a +0 giant club!!
You die...

#.# #.# #.#
#.# #.#
#####.#
#.....#
#.##### #.#
#.# #@# #O#
.########.#
.........o#
###.#######
#.## ....


You could see an ogre and an orc.

Vanquished Creatures
  Sigmund (D:5)
  Menkaure (D:5)
  A water moccasin (D:5)
  2 black bears (D:4)
  An ogre (D:4)
  A phantom (D:4)
  Blork the orc (D:5)
  2 kobold brigands (D:4)
  A scorpion (D:4)
  A bombardier beetle (D:3)
  A hound (D:5)
  2 orc priests (D:4)
  Jessica (D:2)
  Ijyb (D:5)
  5 orc wizards (D:4)
  Robin (D:2)
  3 gnolls (D:5)
  7 adders
  A white imp (D:5)
  2 ufetubi (D:5)
  2 dart slugs
  8 orcs
  8 bats
  6 endoplasms
  5 giant cockroaches
  12 goblins
  8 hobgoblins
  2 jackals (D:1)
  11 kobolds
  2 quokkas (D:2)
  7 ball pythons
  3 frilled lizards
  4 rats
114 creatures vanquished.

Notes
Turn   | Place    | Note
-------+----------+-------------------------------------------
     0 | D:1      | MisterAzrael the Hill Orc Berserker began the quest for the
                  | Orb.
     0 | D:1      | Reached XP level 1. HP: 19/19 MP: 1/1
   151 | D:1      | Found Zeviasug's Antique Armour Emporium.
   248 | D:1      | Reached skill level 1 in Invocations
   248 | D:1      | Reached XP level 2. HP: 27/27 MP: 2/2
   811 | D:2      | Noticed Jessica
   827 | D:2      | Killed Jessica
   828 | D:2      | Reached XP level 3. HP: 33/33 MP: 4/4
   832 | D:2      | Reached XP level 4. HP: 40/40 MP: 5/5
   961 | D:2      | Reached ** piety under Trog
   971 | D:2      | Noticed Robin
   976 | D:2      | Reached skill level 1 in Throwing
   980 | D:2      | Killed Robin
  1281 | D:3      | Found an ornate altar of the Wu Jian Council.
  1281 | D:3      | Found a glowing silver altar of Zin.
  1281 | D:3      | Found a radiant altar of Vehumet.
  1282 | D:3      | Found an iron altar of Okawaru.
  1282 | D:3      | Found an opulent altar of Gozag.
  1289 | D:3      | Found a broken altar of Ashenzari.
  1291 | D:3      | Found a stormy altar of Qazlal.
  1294 | D:3      | Found a white marble altar of Elyvilon.
  1349 | D:3      | Reached skill level 5 in Axes
  1349 | D:3      | Reached XP level 5. HP: 33/47 MP: 6/6
  2150 | D:3      | Reached *** piety under Trog
  2449 | D:4      | Noticed a kobold brigand
  2465 | D:4      | Killed a kobold brigand
  2466 | D:4      | Reached skill level 5 in Fighting
  2466 | D:4      | Reached XP level 6. HP: 16/50 MP: 7/7
  2906 | D:4      | Noticed a black bear
  2916 | D:4      | Reached skill level 6 in Axes
  2916 | D:4      | Reached XP level 7. HP: 49/61 MP: 8/8
  3093 | D:4      | Reached skill level 5 in Armour
  3127 | D:4      | Reached XP level 8. HP: 61/71 MP: 9/9
  3206 | D:4      | Reached skill level 7 in Axes
  3664 | D:5      | Entered Level 5 of the Dungeon
  3752 | D:5      | Noticed Menkaure
  3762 | D:5      | Killed Menkaure
  3924 | D:5      | Found a staircase to the Ecumenical Temple.
  3977 | D:5      | Noticed Ijyb
  3985 | D:5      | Killed Ijyb
  4022 | D:5      | Noticed Sigmund
  4040 | D:5      | Killed Sigmund
  4583 | D:5      | Noticed Blork the orc
  4593 | D:5      | Killed Blork the orc
  4594 | D:5      | Reached skill level 8 in Axes
  4632 | D:5      | Mangled by an ogre

Illustrated notes

Levels and vault maps discovered:
D:1:      dpeg_arrival_three_same_balls, layout_loops_ring, serial_shops,
          nicolae_shop_waterfront
D:2:      layout_basic, minmay_pentomino_x4, uniq_robin, uniq_jessica
D:3:      layout_loops_corners, grunt_temple_overflow_open, feat_on_display
D:4:      cheibrodos_thug_alley, layout_layer_cave
D:5:      layout_loops_ring, minmay_temple_entry_hall, uniq_menkaure, uniq_ijyb,
          uniq_sigmund, uniq_blork_the_orc

Skill      XL: |  1  2  3  4  5  6  7  8 |
---------------+-------------------------+-----
Invocations    | 1 2 |  2.4
Fighting       | 4 5 6 7 |  7.3
Throwing       | 1 2 3 4 |  4.4
Armour         | 3 4 5 6 |  6.1
Axes           | 5 6 8 |  8.0
Dodging        | |  1.5

Action                     |  1- 3 |  4- 6 |  7- 9 || total
---------------------------+-------+-------+-------++-------
  Melee: Hand axe          |    62 |   170 |   150 ||   382
         Punch             |     1 |     2 |     4 ||     7
 Invoke: Berserk           |     1 |     2 |     3 ||     6
         Trog's Hand       |       |     1 |     4 ||     5
    Use: Scroll            |       |       |     7 ||     7
 Armour: Chain mail        |    35 |   153 |   133 ||   321
         Animal skin       |     4 |       |       ||     4
  Dodge: Dodged            |    32 |    89 |    46 ||   167

Table legend: (Time is in decaauts)
 A = Elapsed time spent in this place.
 B = Non-inter-level travel time spent in this place.
 C = Inter-level travel time spent in this place.
 D = Time resting spent in this place.
 E = Time spent auto-exploring this place.
 F = Levels seen in this place.
 G = Mean time per level.
                   A        B        C        D        E       F      G
               +--------+--------+--------+--------+--------+-----+--------+
         Total |   4703 |   4574 |    129 |    662 |   3088 |   5 |  940.6 |
       Dungeon |   4703 |   4574 |    129 |    662 |   3088 |   5 |  940.6 |
               +--------+--------+--------+--------+--------+-----+--------+

Top non-repeatable levels by time:
     D:4: 1304 daAuts
     D:3: 1106 daAuts
     D:5: 983 daAuts
     D:1: 694 daAuts
     D:2: 613 daAuts
